 Dungeon Sprint DCSS version 0.20-a0-833-gc632bec (webtiles) character file.

16500000 esc the Conqueror (level 27, -124/249 HPs)
             Began as a Demonspawn Warper on Mar 7, 2017.
             Was the Champion of Makhleb.
             Annihilated by a fleshlord
             ... wielding a +9 great mace
              (310 damage)
             ... in the Dungeon (Sprint VIII: "Arena of Blood").
             The game lasted 00:07:25 (165 turns).

esc the Conqueror (Demonspawn Warper)                Turns: 165, Time: 00:07:27

Health: -124/249   AC: 10    Str: 12    XL:     27
Magic:  54/54      EV: 35    Int: 17    God:    Makhleb [******]
Gold:   0          SH:  0    Dex: 23    Spells: 80/80 levels left

rFire    + . .     SeeInvis +   l - +∞ Axe of Woe
rCold    . . .     Gourm    .   b - +0 leather armour
rNeg     . . .     Faith    .   (shield currently unavailable)
rPois    .         Spirit   .   (no helmet)
rElec    .         Reflect  .   (no cloak)
rCorr    +         Harm     .   (no gloves)
MR       ++...     NoTele   +   (boots unavailable)
Stlth    +++++++++.             (no amulet)
Regen    11.6/turn              (no ring)
MPRegen  0.4/turn               m - ring of see invisible {sInv, !d}

@: lethally poisoned (-124 -> -124), very slightly contaminated, hasted and
slowed
A: hooves 3, yellow scales 3, fire resistance 1, hurl damnation, foul stench 2,
powered by death 3, rot immunity, flame cloud immunity
a: Hurl Damnation, Minor Destruction, Lesser Servant of Makhleb, Major
Destruction, Greater Servant of Makhleb, Renounce Religion


You were in the Dungeon.
You worshipped Makhleb.
Makhleb was exalted by your worship.
You were not hungry.

You visited 1 branch

Inventory:

Hand Weapons
 a - a +0 hand axe
 l - the +∞ Axe of Woe (weapon)
   (You found it in the Dungeon)
Missiles
 e - 5 tomahawks of dispersal {=f}
Armour
 b - a +0 leather armour (worn)
Jewellery
 m - a ring of see invisible (left hand) {sInv, !d}
   (You found it in the Dungeon)
Scrolls
 d - 2 scrolls of blinking {!r}
Potions
 g - a potion of curing
 j - 2 potions of magic
 k - a potion of berserk rage {!q}
Books
 c - a book of Spatial Translocations
Comestibles
 f - a bread ration {@e1}


   Skills:
 O Level 27 Fighting
 O Level 27 Axes
 O Level 27 Throwing
 O Level 27 Armour
 O Level 27 Dodging
 O Level 27 Stealth
 O Level 27 Unarmed Combat
 O Level 27 Spellcasting
   Level 2.6 Translocations
 O Level 27 Invocations


You had 80 spell levels left.
You didn't know any spells.

Dungeon Overview and Level Annotations

Branches:
Dungeon (1/1)

Altars:
Makhleb


Innate Abilities, Weirdness & Mutations

You have hooves in place of feet.
You are completely covered in yellow scales. (AC +4, rCorr)
Your flesh is heat resistant. (rF+)
You can hurl damnation.
You frequently emit foul miasma when damaged in melee.
You regenerate a lot of health from kills.
You are immune to rotting.
You are immune to clouds of flame.


Message History

You kill the nine-headed meat hydra!
Makhleb accepts your kill.
You slash the meat beast!
You dissect the meat beast like a pig carcass.
You kill the meat beast!
Makhleb accepts your kill.
You feel better.
You feel sick.
You hear a shout! x3
The fleshlord casts a spell.
The fleshlord seems to speed up.
The fleshlord gestures wildly while chanting.
The fleshlord seems to speed up.
You regained 118 hp, and now have 241/249 hp.
Unknown command.
You slice the meat beast!!
You slaughter the meat beast joyfully.
You kill the meat beast!
Makhleb accepts your kill.
You feel better.
You slash the small abomination!
You dissect the small abomination like a pig carcass.
You destroy the small abomination!
Makhleb accepts your kill.
You slice the large abomination!!
You butcher the large abomination messily.
You destroy the large abomination!
Makhleb accepts your kill.
You feel sick.
You hear a shout! x3
The fleshlord gestures wildly while chanting.
The fleshlord seems to speed up.
The meat berserker rages.
You hear a shout! x2
The corpses begin to drag themselves along the ground!
The dread calls on the powers of darkness!
The bag of meat convulses!
The meat berserker convulses!
The bag of meat convulses!
Your body is wracked with pain!
The bag of meat convulses!
The fleshlord convulses!
The scourge convulses!
You hear a shout!
A sea snake, a great orb of eyes, 2 crawling corpses and a skeletal warrior come into view.
You take 116 damage, and have 125/249 hp.
MASSIVE DAMAGE!!
The observer turns its gaze towards you.
The scourge hisses angrily.
You slash the scourge! You chop the scourge into pieces.
You kill the scourge!
Makhleb accepts your kill.
You slice the observer!!
You butcher the observer messily.
You kill the observer!
Makhleb accepts your kill.
You feel very sick.
You hear a shout!
The meat berserker rages.
The sculptor of flesh moves out of view.
A sea snake, a great orb of eyes and a hell knight come into view.
You regained 5 hp, and now have 130/249 hp.
The observer turns its gaze towards you.
You slice the scourge!!
You dissect the scourge like a pig carcass.
You kill the scourge!
Makhleb accepts your kill.
You slash the wretched soul!
You dissect the wretched soul like a pig carcass.
You destroy the wretched soul!
Makhleb accepts your kill.
You feel better.
You slice the bag of meat!!
You fatally mangle the bag of meat.
You kill the bag of meat!
Makhleb accepts your kill.
You feel better.
You feel sick.
You hear a shout! x2
The fleshlord points at you and mumbles some strange words.
You feel as though you will be slow longer.
The fleshlord points at you and mumbles some strange words.
You already are as slow as you could be.
Two crawling corpses merge to form a small abomination.
You regained 118 hp, and now have 248/249 hp.
Unknown command.
Unknown command.
What are your orders? t - Shout!
Orders for allies: a - Attack new target. r - Retreat! s - Stop attacking. g - Guard the area. f - Follow me.
Anything else - Cancel.
You shout for attention!
You feel very sick.
You hear a shout!
The scourge throws poison arrow at you. The poison arrow hits you!
You are more poisoned.
You hear a shout!
The fleshlord points at you and mumbles some strange words.
You feel as though you will be slow longer.
The fleshlord moves out of view.
The observer gazes at you. Something smites you!
You hear a shout! x2
The fleshlord hits you with a +9 great mace!!!!!!
Ouch! That really hurt!
You die...

. ###...#........%)))).......
.§###.....W#........))))§§.....
.#........%.....S....%))§§.....
.....#...............)).§§..%..
......#)...%...#.....G)#.......
.....))))#)).O.#...xx2.#.......
.....§#))D)))###...V.).###....%
o#...o)))pS)).o))O###).....%...
##......)#)WxOp@pW_x......%...
#.....#..z...)#)z...#.......#
..###........%.#_)<._#........
..# z...#....W..#..pW.#......
.# .oo....#........_.........
o........o.G.%.%###........
..........%###%.. ...###...
.... #... ..# #... ..#


You could see a meat beast (wandering), an eight-headed meat hydra (wandering),
a destroyer, 2 observers, 2 scourges, 4 fleshlords, 2 sculptors of flesh, a
wretched soul (invisible), 3 dreads, 2 meat berserkers, 3 small abominations, 2
bags of meat and a crawling corpse.

Vanquished Creatures
  11 hell knights (D)
  17 hell beasts (D)
  2 greater mummies (D)
  6 great orbs of eyes (D)
  8 wraiths (D)
  Harold (D)
  23 vampire knights (D)
  41 ogres (D)
  10 two-headed ogres (D)
  7 liches (D)
  3 hydras (D)
  127 orcs (D)
  9 phantoms (D)
  9 skeletal warriors (D)
  9 sea snakes (D)
  12 small abominations (D)
  11 large abominations (D)
  14 crawling corpses (D)
320 creatures vanquished.

Vanquished Creatures (others)
  5 orcs (D)
  7 crawling corpses (D)
12 creatures vanquished.

Grand Total: 332 creatures vanquished

Notes
Turn   | Place    | Note
-------+----------+-------------------------------------------
     0 | D        | esc the Demonspawn Warper began the quest for the Orb.
     0 | D        | Reached XP level 1. HP: 16/16 MP: 3/3
     3 | D        | Noticed a bag of meat
     4 | D        | Became a worshipper of Makhleb the Destroyer
     5 | D        | Noticed a meat berserker
     5 | D        | Noticed a bag of meat
     6 | D        | Noticed a bag of meat
     6 | D        | Noticed a bag of meat
     6 | D        | Noticed a bag of meat
     6 | D        | Noticed a bag of meat
     7 | D        | Noticed a meat berserker
     7 | D        | Noticed a bag of meat
     8 | D        | Noticed a bag of meat
     8 | D        | Noticed a bag of meat
     8 | D        | Killed a bag of meat
     8 | D        | Reached skill level 14 in Fighting
     8 | D        | Reached skill level 13 in Axes
     8 | D        | Reached skill level 13 in Armour
     8 | D        | Reached skill level 13 in Dodging
     8 | D        | Gained mutation: You regenerate a little health from kills. [demonic ancestry]
     8 | D        | Reached XP level 2. HP: 43/43 MP: 5/5
     8 | D        | Reached XP level 3. HP: 49/49 MP: 6/6
     8 | D        | Gained mutation: You are immune to rotting. [demonic ancestry]
     8 | D        | Reached XP level 4. HP: 56/56 MP: 7/7
     8 | D        | Reached XP level 5. HP: 62/62 MP: 8/8
     8 | D        | Reached XP level 6. HP: 69/69 MP: 9/9
     8 | D        | Reached XP level 7. HP: 75/75 MP: 10/10
     8 | D        | Reached XP level 8. HP: 82/82 MP: 11/11
     8 | D        | Gained mutation: You are partially covered in yellow scales. (AC +2) [demonic ancestry]
     8 | D        | Reached XP level 9. HP: 88/88 MP: 12/12
     8 | D        | Gained mutation: You may emit foul miasma when damaged in melee. [demonic ancestry]
     8 | D        | Reached XP level 10. HP: 95/95 MP: 13/13
     8 | D        | Reached XP level 11. HP: 101/101 MP: 14/14
     8 | D        | Killed a bag of meat
     8 | D        | Reached * piety under Makhleb
     8 | D        | Reached skill level 16 in Fighting
     8 | D        | Reached skill level 15 in Axes
     8 | D        | Reached skill level 15 in Armour
     8 | D        | Reached skill level 15 in Dodging
     8 | D        | Gained mutation: You have large cloven feet. [demonic ancestry]
     8 | D        | Reached XP level 12. HP: 113/113 MP: 15/15
     8 | D        | Killed a meat berserker
     8 | D        | Reached skill level 19 in Fighting
     8 | D        | Reached skill level 18 in Axes
     8 | D        | Reached skill level 17 in Armour
     8 | D        | Reached skill level 18 in Dodging
     8 | D        | Reached XP level 13. HP: 126/126 MP: 16/16
     8 | D        | Gained mutation: You are mostly covered in yellow scales. (AC +3) [demonic ancestry]
     8 | D        | Reached XP level 14. HP: 133/133 MP: 17/17
     9 | D        | Noticed a bag of meat
     9 | D        | Noticed a bag of meat
     9 | D        | Noticed a meat berserker
     9 | D        | Killed a bag of meat
     9 | D        | Reached skill level 20 in Fighting
     9 | D        | Reached skill level 18 in Armour
     9 | D        | Killed a meat berserker
     9 | D        | Reached ** piety under Makhleb
     9 | D        | Reached skill level 22 in Fighting
     9 | D        | Reached skill level 20 in Axes
     9 | D        | Reached skill level 20 in Armour
     9 | D        | Reached skill level 20 in Dodging
     9 | D        | Gained mutation: You are completely covered in yellow scales. (AC +4, rCorr) [demonic ancestry]
     9 | D        | Reached XP level 15. HP: 102/146 MP: 18/18
     9 | D        | Reached skill level 21 in Axes
     9 | D        | Reached skill level 21 in Armour
     9 | D        | Reached skill level 21 in Dodging
    10 | D        | Noticed a large bag of meat
    12 | D        | Noticed a meat berserker
    13 | D        | Noticed a meat berserker
    13 | D        | Reached skill level 23 in Fighting
    13 | D        | Gained mutation: You have hoof-like feet. [demonic ancestry]
    13 | D        | Reached XP level 16. HP: 82/157 MP: 19/19
    13 | D        | Killed a meat berserker
    13 | D        | Reached *** piety under Makhleb
    13 | D        | Reached skill level 24 in Fighting
    13 | D        | Reached skill level 23 in Axes
    13 | D        | Reached skill level 23 in Armour
    13 | D        | Reached skill level 23 in Dodging
    14 | D        | Noticed a meat berserker
    14 | D        | Reached skill level 25 in Fighting
    14 | D        | Gained mutation: You frequently emit foul miasma when damaged in melee. [demonic ancestry]
    14 | D        | Reached XP level 17. HP: 158/169 MP: 20/20
    14 | D        | Reached skill level 26 in Fighting
    14 | D        | Reached skill level 24 in Axes
    14 | D        | Reached skill level 24 in Armour
    14 | D        | Reached skill level 24 in Dodging
    14 | D        | Reached **** piety under Makhleb
    14 | D        | Reached skill level 27 in Fighting
    14 | D        | Reached skill level 25 in Axes
    14 | D        | Reached skill level 25 in Armour
    14 | D        | Reached skill level 25 in Dodging
    14 | D        | Killed a large bag of meat
    14 | D        | Reached skill level 26 in Axes
    14 | D        | Reached skill level 26 in Armour
    14 | D        | Reached skill level 26 in Dodging
    14 | D        | Reached XP level 18. HP: 182/182 MP: 21/21
    15 | D        | Noticed a large bag of meat
    15 | D        | Noticed a meat berserker
    16 | D        | Reached skill level 27 in Axes
    16 | D        | Reached skill level 27 in Armour
    16 | D        | Reached skill level 27 in Dodging
    16 | D        | Reached skill level 5 in Throwing
    16 | D        | Reached skill level 6 in Stealth
    16 | D        | Reached skill level 5 in Unarmed Combat
    16 | D        | Reached skill level 6 in Spellcasting
    16 | D        | Reached skill level 8 in Invocations
    16 | D        | Reached skill level 8 in Throwing
    16 | D        | Reached skill level 9 in Stealth
    16 | D        | Reached skill level 8 in Unarmed Combat
    16 | D        | Reached skill level 8 in Spellcasting
    16 | D        | Reached skill level 11 in Invocations
    16 | D        | Reached ***** piety under Makhleb
    16 | D        | Reached skill level 10 in Throwing
    16 | D        | Reached skill level 11 in Stealth
    16 | D        | Reached skill level 10 in Unarmed Combat
    16 | D        | Reached skill level 10 in Spellcasting
    16 | D        | Reached skill level 14 in Invocations
    16 | D        | Gained mutation: You have hooves in place of feet. [demonic ancestry]
    16 | D        | Reached XP level 19. HP: 176/189 MP: 21/33
    16 | D        | Reached skill level 11 in Throwing
    16 | D        | Reached skill level 12 in Stealth
    16 | D        | Reached skill level 11 in Unarmed Combat
    16 | D        | Reached skill level 12 in Spellcasting
    16 | D        | Reached skill level 16 in Invocations
    16 | D        | Reached skill level 13 in Throwing
    16 | D        | Reached skill level 14 in Stealth
    16 | D        | Reached skill level 13 in Unarmed Combat
    16 | D        | Reached skill level 13 in Spellcasting
    16 | D        | Reached skill level 17 in Invocations
    16 | D        | Reached skill level 14 in Throwing
    16 | D        | Reached skill level 15 in Stealth
    16 | D        | Reached skill level 14 in Unarmed Combat
    16 | D        | Reached skill level 14 in Spellcasting
    16 | D        | Reached skill level 18 in Invocations
    16 | D        | Reached skill level 15 in Throwing
    16 | D        | Reached skill level 16 in Stealth
    16 | D        | Reached skill level 15 in Unarmed Combat
    16 | D        | Reached skill level 15 in Spellcasting
    16 | D        | Reached skill level 20 in Invocations
    17 | D        | Killed a meat berserker
    17 | D        | Reached skill level 16 in Throwing
    17 | D        | Reached skill level 18 in Stealth
    17 | D        | Reached skill level 16 in Unarmed Combat
    17 | D        | Reached skill level 17 in Spellcasting
    17 | D        | Reached skill level 22 in Invocations
    17 | D        | Reached XP level 20. HP: 197/197 MP: 21/41
    17 | D        | Reached ****** piety under Makhleb
    17 | D        | Reached skill level 17 in Throwing
    17 | D        | Reached skill level 19 in Stealth
    17 | D        | Reached skill level 17 in Unarmed Combat
    17 | D        | Reached skill level 23 in Invocations
    17 | D        | Reached skill level 18 in Throwing
    17 | D        | Reached skill level 18 in Unarmed Combat
    17 | D        | Reached skill level 18 in Spellcasting
    17 | D        | Reached skill level 24 in Invocations
    18 | D        | Killed a meat berserker
    18 | D        | Reached skill level 19 in Throwing
    18 | D        | Reached skill level 21 in Stealth
    18 | D        | Reached skill level 19 in Unarmed Combat
    18 | D        | Reached skill level 19 in Spellcasting
    18 | D        | Reached skill level 26 in Invocations
    19 | D        | Noticed a meat berserker
    20 | D        | Killed a meat berserker
    20 | D        | Reached skill level 21 in Throwing
    20 | D        | Reached skill level 22 in Stealth
    20 | D        | Reached skill level 21 in Unarmed Combat
    20 | D        | Reached skill level 21 in Spellcasting
    20 | D        | Reached skill level 27 in Invocations
    20 | D        | Gained mutation: You regenerate health from kills. [demonic ancestry]
    20 | D        | Reached XP level 21. HP: 204/204 MP: 21/46
    20 | D        | Reached skill level 23 in Stealth
    20 | D        | Reached skill level 22 in Throwing
    20 | D        | Reached skill level 24 in Stealth
    20 | D        | Reached skill level 22 in Unarmed Combat
    20 | D        | Reached skill level 22 in Spellcasting
    21 | D        | Killed a large bag of meat
    21 | D        | Reached skill level 23 in Throwing
    21 | D        | Reached skill level 25 in Stealth
    21 | D        | Reached skill level 23 in Unarmed Combat
    21 | D        | Reached skill level 23 in Spellcasting
    23 | D        | Reached skill level 24 in Throwing
    23 | D        | Reached skill level 26 in Stealth
    23 | D        | Reached skill level 24 in Unarmed Combat
    23 | D        | Reached skill level 24 in Spellcasting
    23 | D        | Reached XP level 22. HP: 188/212 MP: 22/50
    23 | D        | Reached skill level 25 in Throwing
    23 | D        | Reached skill level 27 in Stealth
    23 | D        | Reached skill level 25 in Unarmed Combat
    23 | D        | Reached skill level 25 in Spellcasting
    23 | D        | Reached skill level 26 in Throwing
    23 | D        | Reached skill level 26 in Spellcasting
    23 | D        | Reached skill level 26 in Unarmed Combat
    23 | D        | Reached skill level 27 in Throwing
    23 | D        | Reached skill level 27 in Unarmed Combat
    23 | D        | Reached skill level 27 in Spellcasting
    25 | D        | Gained mutation: Your flesh is heat resistant. (rF+) [demonic ancestry]
    25 | D        | Reached XP level 23. HP: 219/219 MP: 23/54
    28 | D        | Noticed a destroyer
    30 | D        | Noticed The Servant
    35 | D        | Noticed a destroyer
    35 | D        | Gained mutation: You regenerate a lot of health from kills. [demonic ancestry]
    35 | D        | Reached XP level 24. HP: 227/227 MP: 26/54
    38 | D        | Killed a destroyer
    42 | D        | Noticed a destroyer
    44 | D        | Noticed a destroyer
    44 | D        | Gained mutation: You are immune to clouds of flame. [demonic ancestry]
    44 | D        | Reached XP level 25. HP: 234/234 MP: 28/54
    46 | D        | Killed a destroyer
    48 | D        | Gained mutation: You can hurl damnation. [demonic ancestry]
    48 | D        | Reached XP level 26. HP: 242/242 MP: 29/54
    49 | D        | Noticed a destroyer
    49 | D        | Killed a destroyer
    50 | D        | Noticed a destroyer
    50 | D        | Noticed a tyrant
    51 | D        | Noticed a tyrant
    51 | D        | Noticed an accursed
    52 | D        | Noticed a destroyer
    52 | D        | Noticed a tyrant
    52 | D        | Reached XP level 27. HP: 123/249 MP: 31/54
    52 | D        | Killed a destroyer
    53 | D        | Killed a destroyer
    54 | D        | Killed a destroyer
    55 | D        | Killed a tyrant
    57 | D        | Noticed a large bag of meat
    57 | D        | HP: 29/249 [The Servant/+9 glaive of flaming (128)]
    57 | D        | HP: 14/249 [The Servant/+9 glaive of flaming (15)]
    58 | D        | Killed a destroyer
    60 | D        | Killed The Servant
    62 | D        | Killed a tyrant
    62 | D        | Killed an accursed
    69 | D        | Noticed a meat beast
    70 | D        | Noticed a dread
    72 | D        | Noticed a destroyer
    72 | D        | Noticed a large bag of meat
    72 | D        | Noticed a large bag of meat
    73 | D        | Noticed a destroyer
    74 | D        | Noticed a meat beast
    74 | D        | Noticed a meat beast
    75 | D        | Noticed a large bag of meat
    75 | D        | Noticed a large bag of meat
    75 | D        | Noticed a destroyer
    75 | D        | Noticed a destroyer
    76 | D        | Noticed a meat beast
    76 | D        | Noticed an accursed
    76 | D        | Killed a destroyer
    76 | D        | Killed a meat beast
    77 | D        | Noticed a meat beast
    77 | D        | Killed a meat beast
    77 | D        | Killed a meat beast
    77 | D        | Killed a dread
    79 | D        | Killed a large bag of meat
    79 | D        | Killed a large bag of meat
    79 | D        | Killed a destroyer
    80 | D        | Noticed a tyrant
    81 | D        | Noticed a dread
    81 | D        | Noticed a meat beast
    81 | D        | Noticed a destroyer
    81 | D        | Killed a tyrant
    81 | D        | Killed a meat beast
    81 | D        | Killed a meat beast
    82 | D        | Noticed a meat beast
    82 | D        | Killed a destroyer
    82 | D        | Killed a large bag of meat
    82 | D        | Killed a large bag of meat
    83 | D        | Noticed a meat beast
    83 | D        | Killed a destroyer
    83 | D        | Killed a destroyer
    84 | D        | Noticed a dread
    84 | D        | Noticed a large bag of meat
    84 | D        | Noticed a destroyer
    85 | D        | Noticed a meat beast
    85 | D        | Killed an accursed
    85 | D        | Killed a meat beast
    85 | D        | Noticed a meat beast
    88 | D        | Killed a meat beast
    88 | D        | Killed a dread
    90 | D        | Killed a meat beast
    90 | D        | Killed a destroyer
    91 | D        | Killed a meat beast
    92 | D        | Killed a meat beast
    95 | D        | Noticed a large bag of meat
    95 | D        | Noticed a meat beast
    96 | D        | Killed a tyrant
    97 | D        | Noticed a destroyer
    99 | D        | Killed a meat beast
   100 | D        | Killed a large bag of meat
   102 | D        | Killed a large bag of meat
   103 | D        | Killed a large bag of meat
   104 | D        | Noticed a destroyer
   105 | D        | Killed a dread
   106 | D        | Noticed a tyrant
   107 | D        | Noticed a meat beast
   107 | D        | Noticed a destroyer
   108 | D        | Noticed a dread
   108 | D        | Noticed a meat beast
   108 | D        | Noticed a tyrant
   109 | D        | Killed a destroyer
   109 | D        | Killed a destroyer
   110 | D        | Killed a meat beast
   110 | D        | Killed a destroyer
   111 | D        | Noticed a destroyer
   113 | D        | Killed a meat beast
   114 | D        | Killed a tyrant
   115 | D        | Noticed a destroyer
   117 | D        | Killed a tyrant
   119 | D        | Noticed a destroyer
   119 | D        | Killed a destroyer
   120 | D        | Noticed a destroyer
   120 | D        | Killed a destroyer
   121 | D        | Noticed a fleshlord
   125 | D        | Noticed a destroyer
   125 | D        | Noticed a dread
   125 | D        | Killed a dread
   125 | D        | Killed a destroyer
   126 | D        | Killed a fleshlord
   127 | D        | Noticed a large bag of meat
   127 | D        | Noticed a fleshlord
   127 | D        | Killed a destroyer
   129 | D        | Noticed a fleshlord
   129 | D        | Killed a destroyer
   131 | D        | Noticed a dread
   132 | D        | Killed a dread
   134 | D        | Killed a fleshlord
   134 | D        | Killed a large bag of meat
   135 | D        | Noticed a tyrant
   136 | D        | Noticed a fleshlord
   136 | D        | Noticed a fleshlord
   137 | D        | Noticed a fleshlord
   138 | D        | Noticed a dread
   139 | D        | Killed a dread
   139 | D        | Killed a fleshlord
   140 | D        | Noticed a dread
   140 | D        | Noticed a fleshlord
   140 | D        | Killed a fleshlord
   141 | D        | Noticed a destroyer
   141 | D        | Noticed a destroyer
   141 | D        | Noticed a fleshlord
   142 | D        | Noticed a meat beast
   142 | D        | Killed a fleshlord
   142 | D        | Noticed a meat beast
   143 | D        | Killed a tyrant
   144 | D        | Killed a fleshlord
   144 | D        | Killed a meat beast
   145 | D        | Killed a fleshlord
   146 | D        | Killed a meat beast
   148 | D        | Noticed a fleshlord
   148 | D        | Killed a dread
   149 | D        | Killed a dread
   150 | D        | Noticed a dread
   150 | D        | Noticed a destroyer
   151 | D        | Noticed a fleshlord
   151 | D        | Killed a fleshlord
   154 | D        | Noticed a fleshlord
   154 | D        | Killed a destroyer
   154 | D        | Killed a fleshlord
   155 | D        | Noticed a fleshlord
   156 | D        | Killed a fleshlord
   157 | D        | Killed a destroyer
   158 | D        | Noticed a meat beast
   158 | D        | Noticed a fleshlord
   158 | D        | Noticed a meat beast
   158 | D        | HP: 44/249 [??? (41)]
   159 | D        | Noticed a dread
   159 | D        | Killed a fleshlord
   161 | D        | Noticed a fleshlord
   161 | D        | Noticed a dread
   161 | D        | Killed a meat beast
   162 | D        | Killed a meat beast
   164 | D        | Noticed a fleshlord
   165 | D        | Annihilated by a fleshlord

Vault maps used:
D:        meatsprint

Skill      XL: |  1  2  3  4  5  6  7  8  9 10 11 12 13 14 15 16 17 18 19 20 21 22 |
---------------+-------------------------------------------------------------------+-----
Fighting       | 14 16 19 22 23 25 27 | 27.0
Axes           | 13 15 18 20 21 23 26 27 | 27.0
Armour         | 13 15 17 20 21 23 26 27 | 27.0
Dodging        | 13 15 18 20 21 23 26 27 | 27.0
Throwing       | 10 16 21 24 27 | 27.0
Stealth        | 11 18 22 26 27 | 27.0
Unarmed Combat | 10 16 21 24 27 | 27.0
Spellcasting   | 10 17 21 24 27 | 27.0
Invocations    | 14 22 27 | 27.0
Translocations | |  2.6

Action                   |  1- 3 |  4- 6 |  7- 9 | 10-12 | 13-15 | 16-18 | 19-21 | 22-24 | 25-27 || total
-------------------------+-------+-------+-------+-------+-------+-------+-------+-------+-------++-------
Melee: Executioner's axe |     1 |       |       |       |     2 |     2 |     5 |     6 |    87 ||   103
  Use: Potion            |       |       |       |       |       |       |       |       |     2 ||     2
Armor: Leather armour    |       |       |       |       |       |       |       |       |    10 ||    10
Dodge: Dodged            |       |       |       |       |       |     1 |     2 |     1 |    17 ||    21

Vault maps used:
D:        meatsprint

Table legend:
 A = Turns spent in this place as a percentage of turns spent in the entire game.
 B = Non-inter-level travel turns spent in this place as a percentage of non-inter-level travel turns spent in the entire game.
 C = Inter-level travel turns spent in this place as a percentage of turns spent in this place.
 D = Turns resting spent in this place as a percentage of non-inter-level travel turns spent in this place.
 E = Turns spent auto-exploring this place as a percentage of non-inter-level travel turns spent in this place.
 F = Non-inter-level travel turns spent in this place divided by the number of levels of this place that you've seen.
                   A       B       C       D       E      F
               +-------+-------+-------+-------+-------+----------------------
         Total | 100.0 | 100.0 |   0.0 |   0.0 |   0.0 | 344.0
       Dungeon | 100.0 | 100.0 |   0.0 |   0.0 |   0.0 | 344.0
               +-------+-------+-------+-------+-------+----------------------

Table legend:
 A = Kills in this place as a percentage of kills in entire the game.
 B = Kills by you in this place as a percentage of kills by you in the entire game.
 C = Kills by friends in this place as a percentage of kills by friends in the entire game.
 D = Other kills in this place as a percentage of other kills in the entire game.
 E = Experience gained in this place as a percentage of experience gained in the entire game.
 F = Experience gained in this place divided by the number of levels of this place that you have seen.
                   A       B       C       D       E      F
               +-------+-------+-------+-------+-------+----------------------
         Total | 100.0 | 100.0 |  -nan |  -nan | 100.0 | 8999999.0
       Dungeon | 100.0 | 100.0 |  -nan |  -nan | 100.0 | 8999999.0
               +-------+-------+-------+-------+-------+----------------------
